Unix NetHack Version 5.0.0-0 post-release - last build Jun 10 2026 00:39:30 (3ee93aec679c4c4259841fe613dc97188e26a321,branch:main).

Game began 2026-06-19 17:10:07, ended 2026-06-19 17:34:04.

LDaviesPeters, neutral female human Archeologist

                                          ---------
                                         #........|
                                         #|.......|                     ------
                              -----      #|<.......#       #############-....|
                              |...| ######+.......|#########            |....|
                              |...-#######---------#                    |....|
                              |..*|#    ###    `####                    |>...|
                              -----#     #         #                    |....|
                                 ###     ##        #                ####.)...|
                                 # #      ##       #      ##       ##   ------
                                 # #       #       #   ----.--     #
                              #:## #       #       #   |.....|   ###
                              @    #-------#       ##  |.....|####
                           ####    #|.....|#        ###->....-#
         - ------------    #       #|......#           |.....|
         |.............    #       #|.....|            -------
         |.............|####       #......|
         .$............-#           |.....|
         ------+--------            -------

LDaviesPeters the Field Worker  St:18/03 Dx:10 Co:10 In:16 Wi:15 Ch:12  Neutral
Dlvl:4  $:14 HP:0(21) Pw:13(13) AC:8  Xp:3 T:2465 

Latest messages:
 What do you want to wield? [- ar or ?*] a
 a - a +2 bullwhip (weapon in right hand).
 L - a cloudy potion.
 You hear the footsteps of a guard on patrol.
 The door opens.
 You find a hidden passage.
 The door opens.
 You see here 4 gold pieces.
 $ - 4 gold pieces (14 in total).
 The door opens.
 You find a hidden door.
 You see here a giant bat corpse.
 You climb up the stairs.
 Double run prefix, canceled.
 You find a hidden door.
 The door opens.
 You miss the iguana.
 You lash the iguana!
 You miss the iguana.
 You kill the iguana!
 You see here a worthless piece of violet glass.
 The coyote bites!
 You kill the coyote!
 You see here a coyote corpse.
 There is a coyote corpse here; eat it? [ynq] (n) y
 This coyote corpse is fatty.
 You finish eating the coyote corpse.
 This door is locked.
 This door is locked.
 In what direction? 4
 Whammm!!
 In what direction? 4
 As you kick the door, it crashes open!
 You find a hidden door.
 The door opens.
 You miss the kitten.
 The kitten bites!
 The kitten bites!
 You miss the kitten.
 The kitten bites!
 The kitten bites!
 You lash the kitten!
 The kitten bites!
 You kill the kitten!
 The iguana bites!
 The gecko bites!
 You miss the gecko.
 The gecko bites!
 You die...
 Do you want your possessions identified? [ynq] (y) q

Inventory:
 Coins    ('$')
  $ - 14 gold pieces
 Weapons  (')')
  r - a +0 orcish dagger
  a - a +2 bullwhip (weapon in right hand)
 Armor    ('[')
  c - an uncursed +0 fedora
  q - an uncursed +0 orcish helm (being worn)
  h - an uncursed +0 leather jacket (being worn)
 Comestibles  ('%')
  K - 2 uncursed candy bars labeled "Apollo"
  G - an uncursed carrot
  d - 4 uncursed food rations
  F - an uncursed lembas wafer
  m - an uncursed tripe ration
 Potions  ('!')
  L - a blessed potion of healing
  I - an uncursed potion of water
 Rings    ('=')
  k - an uncursed ring of fire resistance
 Tools    ('(')
  b - an uncursed sack containing 10 items
  n - a cursed bag of tricks named Cursed (0:14)
  i - an uncursed tin opener
  f - a tinning kit (0:85)
 Gems/Stones  ('*')
  l - an uncursed agate stone
  g - an uncursed touchstone

Contents of the sack:
  41 gold pieces
  an uncursed scroll of confuse monster
  a cursed scroll of identify
  a cursed scroll of remove curse
  2 uncursed potions of speed
  a cursed potion of gain ability
  2 uncursed potions of fruit juice
  a blessed potion of full healing
  an uncursed potion of healing
  a +0 pick-axe

LDaviesPeters the Archeologist's attributes:

Background:
 You were a Field Worker, a level 3 female human Archeologist.
 You were neutral, on a mission for Camaxtli
 who was opposed by Quetzalcoatl (lawful) and Huhetotl (chaotic).
 You were right-handed.
 You were in the Dungeons of Doom, on level 4.
 You entered the dungeon 2465 turns ago.
 You had 63 experience points, 17 more were needed to attain level 4.

Basics:
 You had 0 out of 21 hit points.
 You had all 13 energy points (spell power).
 Your armor class was 8.
 Your wallet contained 14 zorkmids, and
 you had 41 more stashed away in your pack.
 Autopickup was off.

Final Characteristics:
 Your strength was 18/03 (limit:18/100).
 Your dexterity was 10 (limit:18).
 Your constitution was 10 (limit:18).
 Your intelligence was 16 (limit:18).
 Your wisdom was 15 (limit:18).
 Your charisma was 12 (limit:18).

Final Status:
 You weren't hungry.
 You were unencumbered.
 You were wielding a whip.
 You had basic skill with whip.

Final Attributes:
 You were piously aligned.
 You had automatic searching.
 You are dead.

Miscellaneous:
 You didn't encounter any bones levels.
 Total elapsed playing time was 23 minutes and 56 seconds.

Major events:
 Turn
    1: LDaviesPeters the neutral female human Archeologist entered the dungeon
 1811: entered the Gnomish Mines
 2031: attained the rank of Field Worker (level 3)
 2465: killed by a gecko

You didn't know any spells.

Skills:
 Fighting Skills
   bare handed combat [Unskilled]
   two weapon combat  [Unskilled]
   riding             [Unskilled]
 Weapon Skills
   dagger             [Unskilled]
   knife              [Unskilled]
   pick-axe           [Basic]
   short sword        [Unskilled]
   saber              [Unskilled]
   club               [Unskilled]
   quarterstaff       [Unskilled]
   sling              [Unskilled]
   dart               [Unskilled]
   boomerang          [Unskilled]
   whip               [Basic]
   unicorn horn       [Unskilled]
 Spellcasting Skills
   attack spells      [Unskilled]
   healing spells     [Unskilled]
   divination spells  [Unskilled]
   matter spells      [Unskilled]

Voluntary challenges:
 Character rerolling was not enabled.
 You never genocided any monsters.
 You never polymorphed an object.
 You never changed form.
 You used no wishes.
Achievements:
 You entered a shop.
 You entered the Gnomish Mines.
 You attained the rank of Field Worker.

 The Dungeons of Doom: levels 1 to 6
    Level 1:
    Level 2:
       An altar to Camaxtli, a fountain.
    Level 3:
       A vegetarian food shop, some fountains.
    Level 4: <- You were here.
       Stairs down to The Gnomish Mines.
       Final resting place for
          you, killed by a gecko.
    Level 5:
       Some fountains.
    Level 6:
 The Gnomish Mines:
    Level 5:


Vanquished creatures:
  a kitten
  a giant bat
 an iguana
  2 coyotes
  a red mold
  a gnome
  3 jackals
  a goblin
  3 lichens
  a kobold zombie
  9 newts
24 creatures vanquished.

No species were genocided or became extinct.

Game over:
                       ----------
                      /          \
                     /    REST    \
                    /      IN      \
                   /     PEACE      \
                  /                  \
                  |  LDaviesPeters   |
                  |      55 Au       |
                  |   killed by a    |
                  |      gecko       |
                  |                  |
                  |                  |
                  |       2026       |
                 *|     *  *  *      | *
        _________)/\\_//(\/(/\)/\//\/|_)_______

Goodbye LDaviesPeters the Archeologist...

You died in The Dungeons of Doom on dungeon level 4 with 552 points,
and 55 pieces of gold, after 2465 moves.
You were level 3 with a maximum of 21 hit points when you died.

